 Dungeon Crawl Stone Soup version 0.29.1-1-gd02db6906a (console) character file.

Game seed: 6343040751614796952

12 sentinel the Digger (level 2, 12/20 HPs)
             Began as a Meteoran Earth Elementalist on Sept 29, 2022.
             Quit the game on level 1 of the Dungeon.
             The game lasted 00:00:04 (42 turns).

sentinel the Digger (Meteoran Earth Elementalist)     Turns: 42, Time: 00:00:05

Health: 12/20      AC:  2    Str:  9    XL:     2   Next: 64%
Magic:  0/6        EV: 12    Int: 16    God:
Gold:   0          SH:  0    Dex: 14    Spells: 5/6 levels left

rFire   . . .      SeeInvis .   (no weapon)
rCold   . . .      Faith    .   (no shield)
rNeg    . . .      Spirit   .   a - +0 robe
rPois   .          Reflect  .   (no helmet)
rElec   .          Harm     .   (no cloak)
rCorr   .          Rampage  .   (no gloves)
Will    .....                   (no boots)
Stlth   +.........              (no amulet)
HPRegen 0.06/turn               (no ring)
MPRegen 0.10/turn               (no ring)

@: glowing
A: sense surroundings 1, otherworldly, glowing, explore regen
a: no special abilities


You were on level 1 of the Dungeon.
You visited 1 branch of the dungeon, and saw 1 of its levels.

Inventory:

Armour
 a - a +0 robe (worn)
Scrolls
 d - a scroll of enchant weapon {unknown}
Potions
 b - a potion of magic
 c - a potion of degeneration {unknown}


   Skills:
 - Level 2.4 Dodging
 - Level 1.4 Stealth
 - Level 2.6 Spellcasting
 - Level 1.2 Transmutations
 + Level 4.5 Earth Magic


You had 5 spell levels left.
You knew the following spells:

 Your Spells              Type           Power      Damage    Failure   Level
a - Sandblast             Erth           32%        2d9       3%          1

Your spell library contained the following spells:

 Spells                   Type           Power      Damage    Failure   Level
 Passwall                 Tmut/Erth      9%         N/A       9%          2
 Stone Arrow              Conj/Erth      18%        3d8       22%         3
 Petrify                  Tmut/Erth      11%        N/A       52%         4


Dungeon Overview and Level Annotations

Branches:
Dungeon (1/15) Zot: 549

Altars:

Shops:
D:1 [


Innate Abilities, Weirdness & Mutations

You passively map a small area around you.
You are easily found by Zot.
You glow in the dark.
You regain HP and MP as you explore.


Message History

Unknown command.
The endoplasm quivers.
A goblin comes into view. It is wielding a +0 dagger.
The goblin moves out of view.
The blast of sand hits the endoplasm!
You kill the endoplasm!
You can't see any susceptible monsters within range! (Use Z to cast anyway.) Unknown command.
You can't see any susceptible monsters within range! (Use Z to cast anyway.) Unknown command.
You can't see any susceptible monsters within range! (Use Z to cast anyway.) Unknown command.
You can't see any susceptible monsters within range! (Use Z to cast anyway.) Unknown command.
The goblin shouts!
You see here a +0 club.
The blast of sand hits the goblin.
You kill the goblin!
Your Earth Magic skill increases to level 4!
You can't see any susceptible monsters within range! (Use Z to cast anyway.) Unknown command.
You can't see any susceptible monsters within range! (Use Z to cast anyway.) Unknown command.
You can't see any susceptible monsters within range! (Use Z to cast anyway.) Unknown command.
You can't see any susceptible monsters within range! (Use Z to cast anyway.) Unknown command.
Things that are here:
a +0 dagger; a goblin corpse A hobgoblin comes into view.
The hobgoblin shouts!
Unknown command.
But you're not safe!
Unknown command.
But you're not safe!
Unknown command.
But you're not safe!
Unknown command.
But you're not safe!
Unknown command.
The blast of sand misses the hobgoblin.
The blast of sand hits the hobgoblin!
You kill the hobgoblin!
You have reached level 2!
Unknown command.
You can't see any susceptible monsters within range! (Use Z to cast anyway.) Unknown command.
You can't see any susceptible monsters within range! (Use Z to cast anyway.) Unknown command.
No target in view!
No target in view!
You can't see any susceptible monsters within range! (Use Z to cast anyway.) Unknown command.
You can't see any susceptible monsters within range! (Use Z to cast anyway.) Unknown command.
You can't see any susceptible monsters within range! (Use Z to cast anyway.) Unknown command.
You can't see any susceptible monsters within range! (Use Z to cast anyway.) Unknown command.
No target in view!
No target in view!
You can't see any susceptible monsters within range! (Use Z to cast anyway.) Unknown command.
You can't see any susceptible monsters within range! (Use Z to cast anyway.) Unknown command.
You can't see any susceptible monsters within range! (Use Z to cast anyway.) Unknown command.
You can't see any susceptible monsters within range! (Use Z to cast anyway.) Unknown command.
c - a brown potion Unknown command.
d - a scroll labelled NOESUMIETAST You see here a hobgoblin corpse.
Unknown command.
Found a spear.
Found a stone staircase leading down.
Unknown command.
Magic restored.
Found Orareb's Antique Armour Boutique.
Unknown command.
A jackal comes into view.
The jackal barks!
An endoplasm comes into view.
Unknown command. 2 jackals come into view.
A jackal comes into view.
A hobgoblin comes into view.
The hobgoblin shouts!
The jackal barks!
You hear a shout!
The endoplasm quivers.
The blast of sand misses the jackal.
A giant cockroach comes into view.
A goblin comes into view. It is wielding a +0 club.
The jackal barely misses you.
Unknown command.
The blast of sand hits the jackal!
You kill the jackal!
A kobold comes into view. It is wielding a +0 whip.
The jackal barely misses you.
Unknown command.
The blast of sand hits the jackal!
You kill the jackal!
A hobgoblin comes into view.
The endoplasm hits you.
An endoplasm comes into view.
Unknown command.
The blast of sand hits the endoplasm!
You kill the endoplasm!
The endoplasm quivers.
The jackal completely misses you.
Unknown command.
You hit the jackal but do no damage.
The jackal bites you but does no damage.
You miss the jackal. The jackal bites you. The jackal misses you.
The blast of sand hits the jackal!
You kill the jackal!
The jackal barely misses you. The jackal bites you.
Unknown command.
The blast of sand hits the jackal!
You kill the jackal!
An endoplasm comes into view.
Unknown command.
You are out of magic!
Unknown command.
You are out of magic!
Unknown command.
You closely miss the giant cockroach.
The giant cockroach bites you but does no damage.
The giant cockroach bites you.
You closely miss the giant cockroach. The giant cockroach closely misses you.
You are out of magic!
Unknown command.
You are out of magic!
Unknown command.
You are out of magic!
Unknown command.
You are out of magic!
Unknown command.
But you're not safe!
Unknown command.
But you're not safe!
Unknown command.
But you're not safe!
Unknown command.
But you're not safe!
Unknown command.
But you're not safe!
Unknown command.
Unknown command.
Unknown command.
Unknown command.
Unknown command.
Are you sure you want to abandon this character and quit the game? (Confirm with "yes".)

....####...#### *
#........# , ,,
####...##.#######*
).................
,
####.#.###.#..>...,
* *
*#.#............ ,
, . #####.#...... *
,# #.####### * , ,,
#†@# , , ##B# * * *
* *


ggg *, , ,* , , ##K#. * , .....** * ** ,,J.. .. , ......# * * * ..... .. * , ,
You could see an endoplasm (wandering), a giant cockroach, 2 hobgoblins, a
goblin and a kobold.

Vanquished Creatures
  2 endoplasms (D:1)
  2 goblins (D:1)
  A hobgoblin (D:1)
  4 jackals (D:1)
9 creatures vanquished.

Notes
Turn   | Place    | Note
-------+----------+-------------------------------------------
     0 | D:1      | sentinel the Meteoran Earth Elementalist began the quest
                  | for the Orb.
     0 | D:1      | Reached XP level 1. HP: 14/14 MP: 5/5
    12 | D:1      | Reached skill level 4 in Earth Magic
    18 | D:1      | Reached XP level 2. HP: 20/20 MP: 3/6
    26 | D:1      | Found Orareb's Antique Armour Boutique.
    42 | D:1      | Quit the game

Illustrated notes

Levels and vault maps discovered:
D:1:      sevenhm_arrival_forest_fort_small_4, layout_rooms, serial_shops,
          nicolae_shop_crystal, shop_fountains, shop, nicolae_shop_hallway_plus

Skill      XL: |  1 |
---------------+----+-----
Earth Magic    | 4 |  4.5
Dodging        | |  2.4
Stealth        | |  1.4
Spellcasting   | |  2.6
Transmutations | |  1.2

Action                   || total
-------------------------++-------
Melee: Unarmed           ||     4
 Cast: Sandblast         ||    11
Armor: Robe              ||     2
Dodge: Dodged            ||     6
